 Dungeon Crawl Stone Soup version 0.22.1-2-g9c5b331 (webtiles) character file.

204 myga the Poker (level 5, -1/45 HPs)
             Began as a Hill Orc Gladiator on Dec 8, 2018.
             Slain by an orc warrior
             ... wielding a +0 hand axe
              (11 damage)
             ... on level 4 of the Dungeon.
             The game lasted 00:14:27 (2483 turns).

myga the Poker (Hill Orc Gladiator)                 Turns: 2483, Time: 00:14:28

Health: -1/45      AC:  6    Str: 17    XL:     5   Next: 82%
Magic:  5/5        EV: 12    Int:  8    God:
Gold:   123        SH:  0    Dex: 13    Spells: 4/4 levels left

rFire    + . .     SeeInvis .   a - +1 trident
rCold    x . .     Gourm    .   (no shield)
rNeg     . . .     Faith    .   p - +0 ring mail (curse)
rPois    .         Spirit   .   c - +0 helmet
rElec    .         Reflect  .   (no cloak)
rCorr    .         Harm     .   (no gloves)
MR       .....                  (no boots)
Stlth    +.........             (no amulet)
HPRegen  0.15/turn              b - ring of fire
MPRegen  0.09/turn              (no ring)

@: no status effects
A: no striking features
a: no special abilities


You were on level 4 of the Dungeon.
You were not hungry.

You visited 1 branch of the dungeon, and saw 4 of its levels.

You collected 123 gold pieces.

Inventory:

Hand Weapons
 a - a +1 trident (weapon)
Missiles
 d - 2 throwing nets
 e - 153 stones
 v - 7 tomahawks (quivered)
Armour
 c - a +0 helmet (worn)
 i - a +0 chain mail
 l - a +0 plate armour
 p - a cursed +0 ring mail (worn)
 r - a +0 ring mail
Jewellery
 b - a ring of fire (left hand)
Scrolls
 j - a scroll of enchant armour
 m - a scroll of immolation
 q - a scroll of random uselessness
Potions
 h - a potion of agility {unknown}
 k - a potion of resistance {unknown}
 n - 3 potions of curing
 o - a potion of flight {unknown}
 s - a potion of lignification {unknown}
 t - a potion of degeneration {unknown}
Comestibles
 f - 11 rations
 g - 3 chunks of flesh


   Skills:
 + Level 3.0 Fighting
 + Level 5.2 Polearms
 + Level 2.6 Throwing
 + Level 2.3 Armour
 + Level 2.8 Dodging


You had 4 spell levels left.
You didn't know any spells.
Your spell library was empty.

Dungeon Overview and Level Annotations

Branches:
Dungeon (4/15)             Temple (0/1) D:4

Altars:
Uskayaw
Vehumet

Shops:
D:4 *[

Annotations:
D:4 1 transporter, bmj180's ghost, amateur DECj


Message History

The orc warrior hits you but does no damage.
You hit the orc warrior but do no damage.
The orc warrior is lightly wounded.
The orc warrior closely misses you.
You hit the orc warrior.
The orc warrior is lightly wounded.
The orc warrior hits you with a hand axe!
* * * LOW HITPOINT WARNING * * *
Okay, then.
You hit the orc warrior but do no damage.
The orc warrior is lightly wounded.
The orc warrior hits you with a hand axe.
* * * LOW HITPOINT WARNING * * *
You hit the orc warrior.
The orc warrior is lightly wounded.
The orc warrior barely misses you.
You hit the orc warrior but do no damage.
The orc warrior is lightly wounded.
The orc warrior hits you with a hand axe!
You die...

### #..#(..#########...
..)##..#(..............
.......#(............#.
.......#...............
.......#...............
≈..⌠..........≈≈≈......
≈...#o......≈≈≈≈≈.....
? #o#.......∩≈≈....#
#@#.....≈≈≈≈≈....#
#.#......≈≈≈#....#
#.#......#..#....#
#.#......#..+....#
#.#......####....#
###........# #....#
...........####.
....#...........
....+....#######


You could see an orc warrior and an orc.

Vanquished Creatures
  A centaur (D:2)
  4 adders
  4 oozes
  3 worms
  A leopard gecko (D:2)
  An orc (D:4)
  5 giant cockroaches
  4 goblins
  3 hobgoblins (D:2)
  7 jackals
  5 kobolds
  2 quokkas
  10 bats
  4 frilled lizards
  5 rats
59 creatures vanquished.

Notes
Turn   | Place    | Note
-------+----------+-------------------------------------------
     0 | D:1      | myga the Hill Orc Gladiator began the quest for the Orb.
     0 | D:1      | Reached XP level 1. HP: 18/18 MP: 1/1
   372 | D:1      | Reached XP level 2. HP: 25/25 MP: 2/2
   660 | D:2      | Found a radiant altar of Vehumet.
   688 | D:2      | Reached skill level 4 in Polearms
   688 | D:2      | Reached XP level 3. HP: 30/30 MP: 3/3
  1227 | D:2      | Reached XP level 4. HP: 37/37 MP: 4/4
  1319 | D:2      | Noticed a centaur
  1327 | D:2      | Killed a centaur
  1327 | D:2      | Reached XP level 5. HP: 31/45 MP: 5/5
  1416 | D:2      | Reached skill level 5 in Polearms
  1881 | D:3      | Found a hide-covered altar of Uskayaw.
  1884 | D:3      | Noticed a dagger
  1884 | D:3      | Noticed a dagger
  2238 | D:4      | Found Askyuv's Armour Shoppe.
  2259 | D:4      | Noticed an orc warrior
  2266 | D:4      | Found Duup's General Store.
  2284 | D:4      | Found a staircase to the Ecumenical Temple.
  2410 | D:4      | Found a transporter.
  2410 | D:4      | Noticed bmj180's ghost (amateur DECj)
  2483 | D:4      | Slain by an orc warrior

Skill      XL: |  1  2  3  4  5 |
---------------+----------------+-----
Polearms       | 4 5 |  5.2
Throwing       | 2 |  2.6
Fighting       | 3 |  3.0
Armour         | 2 |  2.3
Dodging        | |  2.8

Action                   |  1- 3 |  4- 6 || total
-------------------------+-------+-------++-------
Melee: Trident           |    68 |    85 ||   153
Throw: Tomahawk          |    22 |    23 ||    45
       Throwing net      |     1 |     2 ||     3
       Stone             |       |    18 ||    18
  Use: Scroll            |     5 |     5 ||    10
  Eat: Chunk             |     1 |     4 ||     5
Armor: Ring mail         |    22 |    20 ||    42
       Leather armour    |     2 |       ||     2
Dodge: Dodged            |    23 |    48 ||    71
